 Dungeon Crawl Stone Soup version 0.27-a0-46-g34d46f0a3f (webtiles) character file.

Game seed: 16341032230345535539

151 Borgoz the Cutter (level 5, -4/36 HPs)
             Began as a Halfling Gladiator on Jan 6, 2021.
             Was an Initiate of Ashenzari.
             Slain by a two-headed ogre
             ... wielding a +0 giant club
              (23 damage)
             ... on level 3 of the Dungeon.
             The game lasted 00:02:12 (2626 turns).

Borgoz the Cutter (Halfling Gladiator)              Turns: 2626, Time: 00:02:13

Health: -4/36      AC:  6    Str: 16    XL:     5   Next: 60%
Magic:  5/5        EV: 15    Int:  6    God:    Ashenzari [......]
Gold:   106        SH:  0    Dex: 16    Spells: 4/4 levels left

rFire    . . .     SeeInvis .   a - +0 rapier
rCold    . . .     Faith    .   (shield restricted)
rNeg     . . .     Spirit   .   h - +0 ring mail
rPois    .         Reflect  .   c - +0 helmet
rElec    .         Harm     .   (no cloak)
rCorr    .         Rampage  .   (no gloves)
Will     .....                  (no boots)
Stlth    +.........             (no amulet)
HPRegen  0.12/turn              (no ring)
MPRegen  0.09/turn              (no ring)

@: no status effects
A: small, mutation resistance 1
a: Renounce Religion, Curse Item


You were on level 3 of the Dungeon.
You worshipped Ashenzari.
Ashenzari was noncommittal.
You visited 1 branch of the dungeon, and saw 3 of its levels.

You collected 106 gold pieces.

Inventory:

Hand Weapons
 a - a +0 rapier (weapon)
Armour
 c - a +0 helmet (worn)
 h - a +0 ring mail (worn)
Wands
 l - a wand of paralysis (10)
Scrolls
 f - a scroll of teleportation {unknown}
 g - 2 scrolls of remove curse
 i - a scroll of identify {unknown}
Potions
 b - a potion of invisibility {unknown}
 e - 2 potions of flight
 j - 2 potions of cancellation {unknown}
 k - a potion of lignification {unknown}


   Skills:
 * Level 3.3 Fighting
 + Level 4.5 Short Blades
 - Level 2.0 Throwing
 + Level 2.0 Armour
 + Level 4.1 Dodging


You had 4 spell levels left.
You didn't know any spells.
Your spell library was empty.

Dungeon Overview and Level Annotations

Branches:
Dungeon (3/15)

Altars:
Ashenzari
Okawaru
Zin


Innate Abilities, Weirdness & Mutations

You are small and have problems with some larger weapons.
You are somewhat resistant to further mutation.


Message History

You hit the two-headed ogre.
The two-headed ogre is severely wounded.
The two-headed ogre struggles against the net.
You hit the two-headed ogre but do no damage.
The two-headed ogre is severely wounded.
The two-headed ogre struggles against the net.
The net rips apart, and the two-headed ogre comes free!
Throw: throwing net
Press: ? - help, Q - select action, (/) - cycle Shift-Dir - straight line, f/p - two-headed ogre
Aim: a two-headed ogre, wielding a +0 giant club and a +0 giant spiked club (severely wounded)
You throw a throwing net.
The throwing net barely misses the two-headed ogre.
The two-headed ogre misses you. The two-headed ogre closely misses you.
Evoke which item? (* to show all) (? for menu, Esc to quit)
Okay, then.
You hit the two-headed ogre.
The two-headed ogre is severely wounded.
The two-headed ogre hits you with a +0 giant club!!
Ouch! That really hurt!
You die...

.# ..........# .#
.>.........# .# .# ##
###### . #....# ...
######....#########.....
..........'.....@O.....(
######....#########.....
#....# ... #....# .
#....# #....# #....#
#....#


You could see a two-headed ogre.

Vanquished Creatures
  A bullfrog zombie (D:3)
  3 gnolls (D:2)
  3 adders (D:2)
  A worm (D:2)
  A dart slug (D:1)
  3 leopard geckos
  3 orcs (D:2)
  6 giant cockroaches
  5 goblins
  3 hobgoblins
  5 jackals
  3 kobolds (D:1)
  4 bats
  A frilled lizard (D:2)
  9 rats
51 creatures vanquished.

Notes
Turn   | Place    | Note
-------+----------+-------------------------------------------
     0 | D:1      | Borgoz the Halfling Gladiator began the quest for the Orb.
     0 | D:1      | Reached XP level 1. HP: 14/14 MP: 1/1
   205 | D:1      | Reached XP level 2. HP: 19/19 MP: 2/2
   595 | D:1      | Reached XP level 3. HP: 24/24 MP: 3/3
   648 | D:1      | Reached skill level 1 in Armour
  1563 | D:2      | Reached XP level 4. HP: 30/30 MP: 4/4
  1738 | D:2      | Reached XP level 5. HP: 34/36 MP: 5/5
  1979 | D:2      | Found a broken altar of Ashenzari.
  1980 | D:2      | Found a glowing silver altar of Zin.
  2101 | D:2      | Found an iron altar of Okawaru.
  2175 | D:2      | Became a worshipper of Ashenzari the Shackled
  2608 | D:3      | Noticed a two-headed ogre
  2626 | D:3      | Slain by a two-headed ogre

Illustrated notes

Levels and vault maps discovered:
D:1:      co_arrival_random_square_maze, layout_loops_ring, dk_noncrumbling_2
D:2:      layout_loops_corners, gammafunk_temple_overflow_statue,
          marbit_many_paths, corexii_shack, minmay_unequal
D:3:      layout_basic

Skill      XL: |  1  2  3  4  5 |
---------------+----------------+-----
Fighting       | 2 3 |  3.3
Armour         | 1 2 |  2.0
Short Blades   | 4 |  4.5
Dodging        | 4 |  4.1
Throwing       | |  2.0

Action                   |  1- 3 |  4- 6 || total
-------------------------+-------+-------++-------
Melee: Rapier            |   121 |   100 ||   221
Throw: Throwing net      |       |     3 ||     3
  Use: Scroll            |     3 |       ||     3
       Potion            |     3 |       ||     3
 Stab: Sleeping          |     3 |       ||     3
Armor: Leather armour    |     2 |       ||     2
       Ring mail         |    25 |    26 ||    51
Dodge: Dodged            |    98 |    73 ||   171

Table legend: (Time is in decaauts)
 A = Elapsed time spent in this place.
 B = Non-inter-level travel time spent in this place.
 C = Inter-level travel time spent in this place.
 D = Time resting spent in this place.
 E = Time spent auto-exploring this place.
 F = Levels seen in this place.
 G = Mean time per level.
                   A        B        C        D        E       F      G
               +--------+--------+--------+--------+--------+-----+--------+
         Total |   2624 |   2419 |    205 |      0 |   2021 |   3 |  874.7 |
       Dungeon |   2624 |   2419 |    205 |      0 |   2021 |   3 |  874.7 |
               +--------+--------+--------+--------+--------+-----+--------+

Top non-repeatable levels by time:
     D:1: 1187 daAuts
     D:2: 1139 daAuts
     D:3: 296 daAuts
